 Dungeon Crawl Stone Soup version 0.22-a0-392-g5dc3fd9 (webtiles) character file.

49 Dargar the Slasher (level 3, -5/28 HPs)
             Began as a Demonspawn Gladiator on May 1, 2018.
             Slain by a gnoll
             ... wielding a +0 halberd
              (10 damage)
             ... on level 2 of the Dungeon.
             The game lasted 00:01:52 (1738 turns).

Dargar the Slasher (Demonspawn Gladiator)           Turns: 1738, Time: 00:01:52

Health: -5/28      AC: 10    Str: 14    XL:     3   Next: 53%
Magic:  3/3        EV: 13    Int:  9    God:
Gold:   65         SH:  0    Dex: 15    Spells: 2/2 levels left

rFire    . . .     SeeInvis .   a - +0 long sword
rCold    . . .     Gourm    .   (no shield)
rNeg     . . .     Faith    .   b - +0 leather armour
rPois    .         Spirit   .   c - +0 helmet
rElec    .         Reflect  .   (no cloak)
rCorr    .         Harm     .   (no gloves)
MR       .....                  (no boots)
Stlth    +.........             (no amulet)
HPRegen  0.09/turn              (no ring)
MPRegen  0.08/turn              (no ring)

@: sanguine armour
A: powered by pain 1, sanguine armour 1
a: no special abilities


You were on level 2 of the Dungeon.
You were not hungry.

You visited 1 branch of the dungeon, and saw 2 of its levels.

You collected 65 gold pieces.

Inventory:

Hand Weapons
 a - a +0 long sword (weapon)
Missiles
 d - 3 throwing nets (quivered)
Armour
 b - a +0 leather armour (worn)
 c - a +0 helmet (worn)
Scrolls
 e - 2 scrolls of identify
 i - 3 scrolls of teleportation {unknown}
Potions
 h - a potion of invisibility {unknown}
 j - a potion of heal wounds {unknown}
Comestibles
 f - a ration
 g - a chunk of flesh


   Skills:
 + Level 2.6 Fighting
 + Level 3.4 Long Blades
 + Level 1.8 Throwing
 + Level 3.1 Dodging


You had 2 spell levels left.
You didn't know any spells.

Dungeon Overview and Level Annotations

Branches:
Dungeon (2/15)

Altars:


Innate Abilities, Weirdness & Mutations

You sometimes gain a little power by taking damage.
When seriously injured, your bleeding wounds create armour. (AC +6)


Message History

A gnoll comes into view. It is wielding a spear of freezing.
Unknown command.
The gnoll hits you with a spear!
The gnoll hits you from afar with a halberd!
Your blood congeals into armour.
You barely miss the gnoll. The gnoll closely misses you.
The gnoll barely misses you.
You closely miss the gnoll. The gnoll closely misses you.
The gnoll hits you but does no damage. x2
You hit the gnoll but do no damage. The gnoll barely misses you.
The gnoll hits you with a spear.
* * * LOW HITPOINT WARNING * * *
You hit the gnoll but do no damage. The gnoll hits you but does no damage.
The gnoll barely misses you.
Unknown command.
You barely miss the gnoll. The gnoll completely misses you.
You riposte.
You hit the gnoll.
The gnoll is heavily wounded.
The gnoll hits you from afar with a halberd!
You die...

..# P...... ..# .
..... ..# . .....
..##. ... . ..#
... #.# #g#
###.######### #g#
#...........## #g#
#.#.######...###@#
#.#.# #.......#
....# #...#####
##### #####


You could see 2 gnolls and a goblin.

Vanquished Creatures
  An adder (D:2)
  2 dart slugs (D:1)
  2 bats (D:1)
  2 giant cockroaches
  6 goblins
  6 hobgoblins (D:1)
  3 jackals (D:1)
  A quokka (D:2)
  A ball python (D:1)
  A frilled lizard (D:1)
  3 kobolds
  5 rats (D:1)
33 creatures vanquished.

Notes
Turn   | Place    | Note
-------+----------+-------------------------------------------
     0 | D:1      | Dargar the Demonspawn Gladiator began the quest for the Orb.
     0 | D:1      | Reached XP level 1. HP: 16/16 MP: 1/1
   502 | D:1      | Gained mutation: You sometimes gain a little power by taking damage. [demonic ancestry]
   502 | D:1      | Reached XP level 2. HP: 17/22 MP: 2/2
  1200 | D:1      | Gained mutation: When seriously injured, your bleeding wounds create armour. (AC +6) [demonic ancestry]
  1200 | D:1      | Reached XP level 3. HP: 23/27 MP: 3/3
  1738 | D:2      | Slain by a gnoll

Vault maps used:
D:1:      dpeg_arrival_morbid_curiosity
D:2:      kiku_gazebo_garden_becter

Skill      XL: |  1  2 |
---------------+-------+-----
Long Blades    | 3 |  3.4
Dodging        | 3 |  3.1
Fighting       | |  2.6
Throwing       | |  1.8

Action                   || total
-------------------------++-------
Melee: Long sword        ||    90
  Use: Scroll            ||     1
 Stab: Sleeping          ||     1
  Eat: Chunk             ||     3
Armor: Leather armour    ||    31
Dodge: Dodged            ||    86
       Rpst.: Long sword ||    30

Table legend:
 A = Spawn XP
 B = Non-spawn XP
 C = Spawn XP percentage of total XP
 D = Spawn monster count
 E = Non-spawn monster count
 F = Spawn count percentage of total count
 G = Total turns spent on level
                    A         B        C        D         E        F      G
               +---------+---------+-------+---------+---------+-------+---------
         Total |       0 |      71 |   0.0 |       0 |      33 |   0.0 |  1738
               +---------+---------+-------+---------+---------+-------+---------
           D:1 |       0 |      49 |   0.0 |       0 |      27 |   0.0 |  1531
           D:2 |       0 |      22 |   0.0 |       0 |       6 |   0.0 |   207
               +---------+---------+-------+---------+---------+-------+---------
